 Dungeon Crawl Stone Soup version 0.32-a0-699-g1ee5eff69a (webtiles) character file.

Game seed: 1759884338084682363

172 BeKind the Chiller (level 5, -8/31 HPs)
             Began as an Octopode Ice Elementalist on Mar 14, 2024.
             Mangled by Edmund
             ... wielding a +4 dire flail of holy wrath
              (11 damage)
             ... on level 4 of the Dungeon.
             The game lasted 00:07:42 (3184 turns).

BeKind the Chiller (Octopode Ice Elementalist)      Turns: 3184, Time: 00:07:42

Health: -8/31      AC:  1    Str:  7    XL:     5   Next: 53%
Magic:  4/9        EV: 12    Int: 19    God:
Gold:   165        SH:  0    Dex: 13    Spells: 0/9 levels left

rFire   . . .        c - +0 short sword
rCold   . . .        (no shield)
rNeg    . . .        (helmet restricted)
rPois   .            (no amulet)
rElec   .            (no ring)
rCorr   .            (no ring)
SInv    .            (no ring)
Will    .....        (no ring)
Stlth   +++          (no ring)
HPRegen 0.25/turn    (no ring)
MPRegen 0.11/turn    (no ring)
                     (no ring)

%: no passive effects
@: attractive
A: almost no armour, amphibious, 8 rings, camouflage 1, gelatinous body 1,
(nimble swimmer 1), tentacles
a: no special abilities


You were on level 4 of the Dungeon.
You visited 1 branch of the dungeon, and saw 4 of its levels.

You collected 196 gold pieces.
You spent 31 gold pieces at shops.

Inventory:

Hand Weapons
 c - a +0 short sword (weapon)
 j - a +0 spear
Scrolls
 d - a scroll of enchant weapon
 g - a scroll of teleportation
 h - a scroll of butterflies
 i - a scroll of fog {unknown}
 k - a scroll of amnesia
 l - a scroll of revelation {unknown}
 n - a scroll of vulnerability {unknown}
 q - a scroll of immolation {unknown}
Potions
 a - a potion of magic
 e - 2 potions of enlightenment {unknown}
 f - a potion of curing {unknown}
 m - a potion of ambrosia {unknown}
 o - a potion of resistance {unknown}
 p - a potion of cancellation {unknown}
 r - a potion of heal wounds {unknown}
 s - a potion of mutation {unknown}


   Skills:
 + Level 2.9 Dodging
 - Level 4.0 Stealth
 + Level 2.9 Spellcasting
 * Level 0.7 Summonings
 + Level 1.9 Translocations
 + Level 4.6 Ice Magic


You couldn't memorise any spells.
You knew the following spells:

 Your Spells              Type           Power      Damage    Failure   Level
a - Freeze                Ice            80%        1d9       2%          1
b - Frozen Ramparts       Ice            40%        1d7       7%          3
c - Blink                 Tloc           20%        N/A       11%         2
d - Summon Ice Beast      Ice/Summ       12%        N/A       16%         3

Your spell library contained the following spells:

 Spells                   Type           Power      Damage    Failure   Level
 Ozocubu's Armour         Ice            20%        N/A       7%          3
 Lesser Beckoning         Tloc           20%        N/A       11%         2
 Momentum Strike          Conj/Tloc      12%        3d8       16%         2
 Gell's Gravitas          Tloc           10%        N/A       21%         3
 Teleport Other           Tloc           10%        N/A       21%         3
 Inner Flame              Hex/Fire       2%         N/A       43%         3
 Flame Wave               Conj/Fire      2%         2d4       83%         4
 Sticky Flame             Fire/Alch      2%         2d4       83%         4
 Summon Forest            Summ/Tloc      3%         N/A       94%         5
 Summon Mana Viper        Hex/Summ       4%         N/A       98%         5
 Summon Cactus Giant      Summ           2%         N/A       100%        6


Dungeon Overview and Level Annotations

Branches:
Dungeon (4/15)
 Temple: D:4-7

Altars:
Vehumet

Shops:
D:2 *   D:3 (

Annotations:
D:4 Edmund


Innate Abilities, Weirdness & Mutations

You cannot wear most types of armour.
You are amphibious.
You can wear up to eight rings at the same time.
Your skin changes colour to match your surroundings (Stealth+).
Your rubbery body absorbs attacks. (AC +1, EV +1)
((You are camouflaged when in or above water. (Stealth+)))
You have tentacles for arms and can constrict up to eight enemies at once.


Message History

You are too injured to fight recklessly!
Casting: Summon Ice Beast (quite dangerous; 16% risk of failure)
Confirm with . or Enter, or press ? or * to list all spells.
Aiming: Freeze (safe; 2% risk of failure)
Press: ? - help, Shift-Dir - straight line, f - Edmund
Aim: Edmund, wielding a +4 dire flail of holy wrath and wearing a +0 leather armour You freeze Edmund!
Edmund is lightly wounded.
The jackal closely misses you.
The jackal bites you but does no damage.
Edmund closely misses you.
Your ice beast hits the jackal.
Your ice beast freezes the jackal!
The jackal dies!
Casting: Freeze (safe; 2% risk of failure)
Confirm with . or Enter, or press ? or * to list all spells.
Aiming: Freeze (safe; 2% risk of failure)
Press: ? - help, Shift-Dir - straight line, f/p - Edmund
Aim: Edmund, wielding a +4 dire flail of holy wrath and wearing a +0 leather armour (lightly wounded, ally target)
You freeze Edmund!
Edmund is moderately wounded.
Edmund hits you with a +4 dire flail of holy wrath.
Casting: Freeze (safe; 2% risk of failure)
Confirm with . or Enter, or press ? or * to list all spells.
Aiming: Freeze (safe; 2% risk of failure)
Press: ? - help, Shift-Dir - straight line, f/p - Edmund
Aim: Edmund, wielding a +4 dire flail of holy wrath and wearing a +0 leather armour (moderately wounded, ally target)
You freeze Edmund.
Edmund is heavily wounded.
The jackal bites you.
Edmund hits you with a +4 dire flail of holy wrath.
* * * LOW HITPOINT WARNING * * *
The jackal bites you.
* * * LOW HITPOINT WARNING * * *
Your ice beast hits Edmund.
Your ice beast freezes Edmund!
It was a potion of attraction.
You feel attractive to monsters. The jackal misses you.
Edmund hits you with a +4 dire flail of holy wrath!
You die...
Edmund says, "That'll show my brother!"

... ##.........
.... .. .........
..... . .........
.....
.##......##......
..........#......
.................
.........<.......
.......@.......##
.......@Y......#
...#..†h.......#
#............#
##............
#....#.......
.....#.......
......#......
........ ....


You could see Edmund (ally target), a jackal and a friendly ice beast
(summoned).

Vanquished Creatures
  An orc priest (D:3)
  An iguana (D:3)
  An orc wizard (D:3)
  2 adders
  2 dart slugs
  8 orcs (D:3)
  2 endoplasms (D:1)
  2 giant cockroaches
  12 goblins
  2 hobgoblins (D:2)
  2 jackals (D:4)
  2 quokkas
  4 ball pythons
  5 bats
  4 frilled lizards
  4 kobolds
  2 rats
56 creatures vanquished.

Vanquished Creatures (collateral kills)
  2 jackals (D:4)
2 creatures vanquished.

Grand Total: 58 creatures vanquished

Notes
Turn   | Place    | Note
-------+----------+-------------------------------------------
     0 | D:1      | BeKind the Octopode Ice Elementalist began the quest for
                  | the Orb.
     0 | D:1      | Reached XP level 1. HP: 11/11 MP: 3/3
   287 | D:1      | Reached XP level 2. HP: 17/17 MP: 5/5
  1114 | D:2      | Reached XP level 3. HP: 17/21 MP: 3/6
  1197 | D:2      | Learned a level 3 spell: Frozen Ramparts
  1293 | D:2      | Found a faded altar of an unknown god.
  1483 | D:2      | Learned a level 2 spell: Blink
  1628 | D:2      | Found Busaususu's Assorted Antiques.
  1635 | D:2      | Bought a scroll labelled JINLABL FOMY for 31 gold pieces
  1858 | D:3      | Found a radiant altar of Vehumet.
  2180 | D:3      | Reached XP level 4. HP: 16/27 MP: 3/7
  2185 | D:3      | Reached skill level 1 in Translocations
  2446 | D:3      | Found Zarigh's Antique Weapon Shop.
  2622 | D:3      | Reached XP level 5. HP: 12/31 MP: 0/9
  3043 | D:4      | Noticed Edmund
  3049 | D:3      | Learned a level 3 spell: Summon Ice Beast
  3184 | D:4      | Mangled by Edmund

Illustrated notes

Levels and vault maps discovered:
D:1:      dpeg_arrival_long_road, layout_basic
D:2:      kennysheep_the_goblin_king, layout_loops_ring,
          shapermc_ecumenical_altar_starsandcircs, serial_shops,
          nicolae_square_shop
D:3:      layout_basic, lemuel_crystal_altar, serial_shops, shop
D:4:      layout_cave_pools, chequers_decorated_corner, uniq_edmund

Skill      XL: |  1  2  3  4 |
---------------+-------------+-----
Stealth        | 3 4 |  4.0
Translocations | 1 |  1.9
Dodging        | |  2.9
Spellcasting   | |  2.9
Summonings     | |  0.7
Ice Magic      | |  4.6

Action                     |  1- 3 |  4- 6 || total
---------------------------+-------+-------++-------
  Melee: Short sword       |    29 |    14 ||    43
         Constrict         |    12 |     3 ||    15
         Tentacles         |     3 |     4 ||     7
   Cast: Freeze            |    16 |    21 ||    37
         Frozen Ramparts   |     3 |     2 ||     5
         Blink             |       |     1 ||     1
         Summon Ice Beast  |       |     1 ||     1
    Use: Scroll            |     4 |       ||     4
         Potion            |       |     1 ||     1
   Stab: Sleeping          |     6 |     1 ||     7
 Armour: Skin              |    25 |    16 ||    41
  Dodge: Dodged            |    29 |    24 ||    53

Table legend: (Time is in decaauts)
 A = Elapsed time spent in this place.
 B = Non-inter-level travel time spent in this place.
 C = Inter-level travel time spent in this place.
 D = Time resting spent in this place.
 E = Time spent auto-exploring this place.
 F = Levels seen in this place.
 G = Mean time per level.
                   A        B        C        D        E       F      G
               +--------+--------+--------+--------+--------+-----+--------+
         Total |   3184 |   3053 |    131 |    249 |   2337 |   4 |  796.0 |
       Dungeon |   3184 |   3053 |    131 |    249 |   2337 |   4 |  796.0 |
               +--------+--------+--------+--------+--------+-----+--------+

Top non-repeatable levels by time:
     D:3: 1337 daAuts
     D:1: 983 daAuts
     D:2: 844 daAuts
     D:4: 18 daAuts
